 Dungeon Crawl Stone Soup version 0.22-a0-404-g35e5176 (webtiles) character file.

1139 DrEnzyme the Chopper (level 8, -7/61 HPs)
             Began as a Demonspawn Gladiator on May 7, 2018.
             Was a Believer of Dithmenos.
             Killed from afar by an electric eel (13 damage)
             ... with a bolt of electricity
             ... on level 6 of the Dungeon on May 8, 2018.
             The game lasted 00:30:11 (6947 turns).

DrEnzyme the Chopper (Demonspawn Gladiator)         Turns: 6947, Time: 00:30:11

Health: -7/61      AC:  6    Str: 15    XL:     8   Next: 14%
Magic:  10/10      EV: 14    Int: 18    God:    Dithmenos [**....]
Gold:   291        SH:  0    Dex: 17    Spells: 6/10 levels left

rFire    . . .     SeeInvis .   z - +3 trident "Killer Bee's Death" {flame, rN+ Int+9} (curse)
rCold    + . .     Gourm    .   (no shield)
rNeg     + + .     Faith    .   b - +0 leather armour
rPois    .         Spirit   .   c - +0 helmet
rElec    .         Reflect  .   (no cloak)
rCorr    .         Harm     .   o - +1 pair of gloves
MR       .....                  (no boots)
Stlth    ++........             (no amulet)
HPRegen  0.20/turn              i - ring of protection from cold
MPRegen  0.12/turn              j - ring of positive energy

@: wreathed by umbra
A: hooves 2, demonic guardian 1, rot immunity
a: Shadow Step, Renounce Religion


You were on level 6 of the Dungeon.
You worshipped Dithmenos.
Dithmenos was pleased with you.
You were not hungry.

You visited 1 branch of the dungeon, and saw 6 of its levels.

You collected 291 gold pieces.

Inventory:

Hand Weapons
 a - a +1 war axe
 z - the cursed +3 trident "Killer Bee's Death" (weapon) {flame, rN+ Int+9}
   (You found it on level 6 of the Dungeon)

   It has been specially enchanted to burn those struck by it, causing extra
   injury to most foes and up to half again as much damage against particularly
   susceptible opponents.
   It affects your intelligence (+9).
   It protects you from negative energy.
   It has a curse placed upon it.
Missiles
 d - 3 throwing nets (quivered)
Armour
 b - a +0 leather armour (worn)
 c - a +0 helmet (worn)
 o - a +1 pair of gloves (worn)
 y - a +1 pair of gloves
 A - a +0 buckler
Jewellery
 i - a ring of protection from cold (left hand)
 j - a ring of positive energy (right hand)
Wands
 r - a wand of random effects (26)
 s - a wand of paralysis (14)
 u - a wand of acid (7)
Scrolls
 e - 2 scrolls of teleportation
 h - 5 scrolls of identify
Potions
 g - a potion of agility {unknown}
 k - 2 potions of curing {unknown}
 l - a potion of ambrosia {unknown}
 n - 2 potions of might {unknown}
 p - a potion of brilliance {unknown}
 q - 2 potions of magic {unknown}
 v - 2 potions of berserk rage {unknown}
 w - 2 potions of heal wounds {unknown}
Comestibles
 f - 10 rations


   Skills:
 * Level 4.5 Fighting
 + Level 5.3 Axes
 + Level 0.6(3.3) Polearms
 + Level 1.7 Throwing
 * Level 3.4 Armour
 * Level 4.2 Dodging
 * Level 3.3 Stealth
 * Level 1.5 Spellcasting
 + Level 0.6 Summonings


You had 6 spell levels left.
You knew the following spells:

 Your Spells              Type           Power        Failure   Level  Hunger
a - Animate Skeleton      Necr           N/A          24%         1    ##.....
b - Summon Small Mammal   Summ           #...         19%         1    ##.....
c - Apportation           Tloc           #.....       24%         1    ##.....
d - Confusing Touch       Hex            #.....       24%         1    ##.....


Dungeon Overview and Level Annotations

Branches:
Dungeon (6/15)             Temple (0/1) D:5

Altars:
Dithmenos

Annotations:
D:1 exclusion: downstairs
D:3 exclusion: downstairs, Sigmund
D:4 Pikel
D:5 exclusion: 2 downstairs


Innate Abilities, Weirdness & Mutations

You have hoof-like feet.
A weak demonic guardian rushes to your aid.
You are immune to rotting.


Message History

You puncture the ball python! You burn the ball python.
You kill the ball python!
Dithmenos accepts your kill.
The jelly completely misses your ufetubus.
The electric eel shoots out a bolt of lightning at you!
The bolt of electricity hits your ufetubus.
Your ufetubus dies!
The bolt of electricity misses you.
You hit the jelly. You burn the jelly.
Your hands burn!
You kick the jelly.
The jelly is moderately wounded.
The jelly barely misses you. The jelly closely misses you.
The electric eel shoots out a bolt of lightning at you!
The bolt of electricity hits you!
* * * LOW HITPOINT WARNING * * *
The electric eel shoots out a bolt of lightning at you!
The bolt of electricity misses you.
The electric eel shoots out a bolt of lightning at you!
The bolt of electricity hits you!
You die...

,≈≈***≈≈*+#≈≈.......#
,≈≈*,*≈≈*,#≈≈.......#
,≈≈*+*≈≈*##≈;.......#
,*≈≈≈≈≈≈≈≈≈≈........#
,,,≈≈≈≈≈≈≈≈.........#
**,,,,,,,...........#
*,,,,,,,...........#
********.......J...#
*.......@...#
#########.#....######
...[.......>...*
####......##...*
...........g.%.*
####...g.....#**
#)..g.g...#
#.........#
#.....#####


You could see a jelly, an electric eel and 2 gnolls.

Vanquished Creatures
  A necrophage (D:4)
  A slave (D:3)
  An ice beast (D:5)
  A centaur (D:5)
  2 ogres
  2 hounds
  Crazy Yiuf (D:3)
  A gnoll shaman (D:6)
  An orc priest (D:6)
  2 orc wizards
  Jessica (D:2)
  3 worker ants (D:4)
  2 iguanas
  8 gnolls
  7 adders
  An ooze (D:3)
  An adder skeleton (D:4)
  3 worms
  A dart slug (D:3)
  5 leopard geckos
  12 orcs
  2 ball pythons
  3 giant cockroaches
  6 goblins
  7 hobgoblins
  10 jackals
  4 kobolds
  4 quokkas
  4 bats
  2 frilled lizards (D:3)
  A jackal skeleton (D:4)
  2 leopard gecko skeletons
  7 rats
109 creatures vanquished.

Vanquished Creatures (collateral kills)
  2 ogres
  An orc wizard (D:6)
  Natasha (D:3)
  A worm (D:4)
  An orc (D:6)
6 creatures vanquished.

Grand Total: 115 creatures vanquished

Notes
Turn   | Place    | Note
-------+----------+-------------------------------------------
     0 | D:1      | DrEnzyme the Demonspawn Gladiator began the quest for the Orb.
     0 | D:1      | Reached XP level 1. HP: 16/16 MP: 1/1
   171 | D:1      | Reached skill level 3 in Axes
   171 | D:1      | Gained mutation: You have large cloven feet. [demonic ancestry]
   171 | D:1      | Reached XP level 2. HP: 19/22 MP: 2/2
  1046 | D:1      | Reached skill level 1 in Armour
  1245 | D:2      | Noticed Jessica
  1303 | D:2      | Reached XP level 3. HP: 27/27 MP: 3/3
  1549 | D:2      | Killed Jessica
  1571 | D:2      | Found a shadowy altar of Dithmenos.
  1576 | D:2      | Reached XP level 4. HP: 28/34 MP: 4/4
  1586 | D:2      | Became a worshipper of Dithmenos the Shadowed
  2272 | D:3      | Reached skill level 1 in Stealth
  2526 | D:3      | Gained mutation: A weak demonic guardian rushes to your aid. [demonic ancestry]
  2526 | D:3      | Reached XP level 5. HP: 27/40 MP: 5/5
  2745 | D:3      | Noticed Sigmund
  2795 | D:3      | Noticed Natasha
  2807 | D:3      | Killed Natasha
  3636 | D:3      | Found a runed door.
  3640 | D:3      | Noticed Crazy Yiuf
  3643 | D:3      | Killed Crazy Yiuf
  3643 | D:3      | Reached * piety under Dithmenos
  3922 | D:4      | Noticed an ogre
  3945 | D:4      | Killed an ogre
  3945 | D:4      | Reached skill level 4 in Axes
  3945 | D:4      | Gained mutation: You have hoof-like feet. [demonic ancestry]
  3945 | D:4      | Reached XP level 6. HP: 47/47 MP: 6/6
  4118 | D:4      | Noticed Pikel
  4197 | D:4      | Reached XP level 7. HP: 49/53 MP: 7/7
  4941 | D:5      | Entered Level 5 of the Dungeon
  5196 | D:5      | Reached ** piety under Dithmenos
  5412 | D:5      | Learned a level 1 spell: Animate Skeleton
  5414 | D:5      | Learned a level 1 spell: Summon Small Mammal
  5416 | D:5      | Learned a level 1 spell: Apportation
  5418 | D:5      | Learned a level 1 spell: Confusing Touch
  5675 | D:5      | Found a staircase to the Ecumenical Temple.
  5745 | D:6      | Got a brightly glowing trident
  5748 | D:6      | Identified the cursed +3 trident "Killer Bee's Death" {flame, rN+ Int+9} (You found it on level 6 of the Dungeon)
  5863 | D:6      | Reached skill level 5 in Axes
  6037 | D:6      | Reached skill level 1 in Spellcasting
  6481 | D:5      | Gained mutation: You are immune to rotting. [demonic ancestry]
  6481 | D:5      | Reached XP level 8. HP: 50/61 MP: 6/10
  6947 | D:6      | Killed from afar by an electric eel

Vault maps used:
D:1:      dpeg_arrival_erosion
D:2:      overflow_temple_1_default, minmay_fountain_box,
          lightli_corner_chamber, uniq_jessica
D:3:      first_ration, uniq_crazy_yiuf_cottage, uniq_sigmund, uniq_natasha
D:4:      minmay_diamond_boxcup, hex_medium, uniq_pikel
D:5:      lemuel_temple_firewalk_b
D:6:      grunt_decor_one_mirror, water_boxes_lemuel

Skill      XL: |  1  2  3  4  5  6  7 |
---------------+----------------------+-----
Axes           | 3 4 5 |  5.3
Dodging        | 3 4 |  4.2
Armour         | 1 2 3 |  3.4
Stealth        | 1 2 3 |  3.3
Fighting       | 3 4 |  4.5
Spellcasting   | 1 |  1.5
Polearms       | |  0.6
Throwing       | |  1.7
Summonings     | |  0.6

Action                   |  1- 3 |  4- 6 |  7- 9 || total
-------------------------+-------+-------+-------++-------
Melee: War axe           |    72 |   124 |    72 ||   268
       Kick              |    15 |    25 |    41 ||    81
       Trident           |       |       |    49 ||    49
 Cast: Summon Small Mamm |       |       |    11 ||    11
  Use: Scroll            |       |       |     8 ||     8
 Stab: Sleeping          |     1 |     4 |     4 ||     9
       Distracted        |       |     1 |       ||     1
  Eat: Chunk             |     2 |     8 |     6 ||    16
       Ration            |       |       |     1 ||     1
Armor: Leather armour    |    19 |    24 |    19 ||    62
Dodge: Dodged            |    47 |    96 |   131 ||   274

Table legend:
 A = Spawn XP
 B = Non-spawn XP
 C = Spawn XP percentage of total XP
 D = Spawn monster count
 E = Non-spawn monster count
 F = Spawn count percentage of total count
 G = Total turns spent on level
                    A         B        C        D         E        F      G
               +---------+---------+-------+---------+---------+-------+---------
         Total |       0 |    1628 |   0.0 |       0 |     114 |   0.0 |  6947
               +---------+---------+-------+---------+---------+-------+---------
           D:1 |       0 |      38 |   0.0 |       0 |      20 |   0.0 |  1293
           D:2 |       0 |      67 |   0.0 |       0 |      14 |   0.0 |   978
           D:3 |       0 |     241 |   0.0 |       0 |      27 |   0.0 |  1641
           D:4 |       0 |     556 |   0.0 |       0 |      28 |   0.0 |  1151
           D:5 |       0 |     416 |   0.0 |       0 |      12 |   0.0 |  1336
           D:6 |       0 |     310 |   0.0 |       0 |      13 |   0.0 |   548
               +---------+---------+-------+---------+---------+-------+---------
